 Dungeon Crawl Stone Soup version 0.19-a0-1821-g42c593c (webtiles) character file.

7776 TheGoonsmith the Grappler (level 11, -1/89 HPs)
             Began as a Demonspawn Gladiator on Oct 6, 2016.
             Was a Believer of Makhleb.
             Slain by an orc warlord
             ... wielding a +2 great mace
              (24 damage)
             ... on level 1 of the Orcish Mines.
             The game lasted 00:15:35 (8330 turns).

TheGoonsmith the Grappler (Demonspawn Gladiator)    Turns: 8330, Time: 00:15:35

Health: -1/89      AC:  6    Str: 17 (18) XL:     11   Next: 1%
Magic:  0/11       EV: 12    Int:  9 (10) God:    Makhleb [**....]
Gold:   517        SH:  0    Dex: 14      Spells: 0 memorised, 10 levels left

rFire  . . .     SeeInvis .       - Unarmed
rCold  + . .     Gourm    .     C - +0 scale mail
rNeg   . . .     Faith    .     (no shield)
rPois  .         Spirit   +     (helmet restricted)
rElec  .         Dismiss  .     (no cloak)
rCorr  +         Reflect  .     (no gloves)
MR     .....     Harm     .     (no boots)
Stlth  .......... Clarity  +    B - amulet of regeneration
                                G - +2 ring of slaying
                                J - ring of resist corrosion

@: very slightly contaminated
A: claws 2, horns 1, molten scales 2, clarity, cold resistance 1, deformed body,
deterioration 1, powered by death 1, screaming 1, magic shield, magic
regeneration, magic link
a: Minor Destruction, Renounce Religion


You were on level 1 of the Orcish Mines.
You worshipped Makhleb.
Makhleb was pleased with you.
You were not hungry.

You visited 2 branches of the dungeon, and saw 10 of its levels.
You also visited: Ossuary.

You collected 517 gold pieces.

Inventory:

Hand Weapons
 a - a +0 quarterstaff
Missiles
 d - 3 throwing nets (quivered)
 E - 5 javelins
Armour
 b - a +0 leather armour
 c - a +0 helmet
 C - a +0 scale mail (worn)
 D - a +0 ring mail
 P - a steam dragon hide
Jewellery
 s - an uncursed ring of ice
 A - an uncursed ring of magical power {unknown}
 B - an amulet of regeneration (around neck)
 G - a +2 ring of slaying (right claw)
 J - a ring of resist corrosion (left claw)
Wands
 e - a wand of lightning (13/15)
 M - a wand of random effects (33/48)
Scrolls
 g - 4 scrolls of teleportation
 m - 2 scrolls of fear
 r - 8 scrolls of identify
 v - 2 scrolls of magic mapping
 w - 5 scrolls of remove curse
 y - a scroll of enchant armour {unknown}
 I - 2 scrolls of enchant weapon
Potions
 h - 9 potions of curing
 i - 3 potions of lignification
 j - 2 potions of ambrosia
 k - 2 potions of heal wounds
 l - 4 potions of resistance
 n - 3 potions of agility
 o - a potion of berserk rage
 q - 3 potions of flight
 u - a potion of cancellation
 F - 2 potions of brilliance
 H - 3 potions of magic
Comestibles
 f - 12 bread rations
 p - 6 meat rations
 t - 4 slices of pizza
 x - 4 beef jerkies
 z - 3 fruits
 L - 3 chunks of flesh


   Skills:
 - Level 9.0 Fighting
 - Level 3.1 Staves
 - Level 1.7 Throwing
 - Level 6.0 Dodging
 + Level 11.9 Unarmed Combat


You had 10 spell levels left.
You didn't know any spells.

Dungeon Overview and Level Annotations

Branches:
Dungeon (9/15)             Temple (0/1) D:7             Orc (1/2) D:9
   Lair: D:8-11

Altars:
Cheibriados
Dithmenos
Elyvilon
Fedhas
Makhleb
Qazlal
Uskayaw
Vehumet
Xom
Yredelemnul
Zin


Innate Abilities, Weirdness & Mutations

You have very sharp fingernails.
You are mostly covered in molten scales. (AC +3)
You regenerate a little health from kills.
When hurt, damage is shared between your health and your magic reserves.
You regenerate magic rapidly.
When low on magic, you restore magic in place of health.
You have a pair of small horns on your head.
You possess an exceptional clarity of mind.
Your flesh is cold resistant. (rC+)
Armour fits poorly on your strangely shaped body.
Your body sometimes deteriorates upon taking damage.
You occasionally shout uncontrollably at your foes.


Message History

You mangle the orc!!
You kill the orc!
Makhleb accepts your kill.
You feel better.
You scratch the orc.
The orc is severely wounded.
You flicker back into view.
You claw the orc!
You kill the orc!
Makhleb accepts your kill.
You feel better. The orc hits you with a mace!
* * * LOW HITPOINT WARNING * * *
You barely miss the orc. You claw the orc!
You kill the orc!
Makhleb accepts your kill.
You scratch the orc warlord but do no damage.
The orc warlord is moderately wounded.
The orc warlord hits you with an enchanted great mace!!
You die...

........# #.#.......#
........###.........###
..........#.....)...#.##
..###>....#...##o......##
..# ##........##.>......#
.## #........####......##
..####.........##oo)...#
...#...........##ooo.#.#
...#............@)...###
#.......##...........#
......#.###.........##
.....#### ##....#####
#...## ##...# ##... #####
##.## ###


You could see an orc warlord, an orc warrior and 3 orcs.

Vanquished Creatures
  A hill giant (D:9)
  Pikel (D:6)
  Joseph (D:7)
  A troll (D:9)
  A two-headed ogre (D:8)
  A hippogriff (D:9)
  Grinder (D:4)
  Eustachio (D:5)
  A spriggan (D:7)
  6 yaks (D:9)
  A hungry ghost (D:9)
  A steam dragon (D:8)
  A warg (Orc:1)
  3 slaves (D:6)
  An orc warrior (D:8)
  3 sky beasts
  2 black bears
  A phantom (D:3)
  2 ice beasts
  5 ogres
  2 centaurs
  A big kobold (D:9)
  9 bullfrogs
  2 scorpions
  3 wights (D:6)
  2 howler monkeys
  2 crimson imps
  2 bullfrog zombies (Ossuary)
  A bullfrog skeleton (D:4)
  5 hounds
  3 jellies
  3 centaur zombies
  3 orc priests
  A centaur skeleton (D:7)
  10 orc wizards
  15 mummies (Ossuary)
  3 iguanas
  Natasha (thrice) (D:4)
  4 worker ants
  A hound zombie (Ossuary)
  A hound skeleton (D:8)
  2 worker ant zombies
  17 adders
  3 gnolls (D:4)
  2 shadow imps
  2 oozes (D:2)
  An adder skeleton (D:5)
  4 adder zombies
  A worm (D:4)
  3 dart slugs
  3 leopard geckos
  37 orcs
  3 ball pythons
  7 giant cockroaches
  12 goblins
  6 hobgoblins
  12 jackals
  3 quokkas
  A bat (D:2)
  6 frilled lizards
  A giant cockroach zombie (Ossuary)
  12 kobolds
  A leopard gecko skeleton (D:8)
  3 leopard gecko zombies
  A quokka skeleton (D:7)
  A quokka zombie (D:6)
  5 rats
  A rat zombie (D:6)
  A spectral orc (D:4)
262 creatures vanquished.

Vanquished Creatures (others)
  A withered plant (Ossuary)
1 creature vanquished.

Grand Total: 263 creatures vanquished

Notes
Turn   | Place    | Note
-------+----------+-------------------------------------------
     0 | D:1      | TheGoonsmith the Demonspawn Gladiator began the quest for the Orb.
     0 | D:1      | Reached XP level 1. HP: 16/16 MP: 1/1
   231 | D:1      | Gained mutation: You have sharp fingernails. [demonic ancestry]
   231 | D:1      | Reached XP level 2. HP: 12/22 MP: 2/2
   850 | D:1      | Reached skill level 1 in Unarmed Combat
   942 | D:1      | Gained mutation: When hurt, damage is shared between your health and your magic reserves. [demonic ancestry]
   942 | D:1      | Reached XP level 3. HP: 22/28 MP: 3/3
  1127 | D:2      | Reached skill level 2 in Unarmed Combat
  1469 | D:2      | Gained mutation: You are partially covered in molten scales. (AC +2) [demonic ancestry]
  1469 | D:2      | Reached XP level 4. HP: 27/35 MP: 2/4
  1845 | D:3      | Noticed a phantom
  1870 | D:3      | Killed a phantom
  1870 | D:3      | Reached skill level 3 in Unarmed Combat
  1870 | D:3      | Gained mutation: You have very sharp fingernails. [demonic ancestry]
  1870 | D:3      | Reached XP level 5. HP: 14/41 MP: 5/5
  2692 | D:3      | Found a faded altar of an unknown god.
  2934 | D:4      | Noticed Natasha
  2948 | D:4      | Killed Natasha
  2948 | D:4      | Gained mutation: You regenerate a little health from kills. [demonic ancestry]
  2948 | D:4      | Reached XP level 6. HP: 43/48 MP: 6/6
  2967 | D:4      | Noticed Natasha
  2976 | D:4      | Killed Natasha
  2976 | D:4      | Reached skill level 4 in Unarmed Combat
  3083 | D:4      | Noticed a sky beast
  3095 | D:4      | Killed a sky beast
  3210 | D:4      | Reached skill level 5 in Unarmed Combat
  3250 | D:4      | Noticed Grinder
  3250 | D:4      | Noticed Natasha
  3261 | D:4      | Killed Natasha
  3261 | D:4      | Gained mutation: You are mostly covered in molten scales. (AC +3) [demonic ancestry]
  3261 | D:4      | Reached XP level 7. HP: 41/55 MP: 4/7
  3265 | D:4      | Paralysed by Grinder for 2 turns
  3297 | D:4      | Killed Grinder
  3297 | D:4      | Reached skill level 5 in Fighting
  3359 | D:4      | Found a basalt altar of Yredelemnul.
  3551 | D:5      | Entered Level 5 of the Dungeon
  3636 | D:5      | Noticed Eustachio
  3695 | D:5      | Killed Eustachio
  3695 | D:5      | Reached skill level 6 in Unarmed Combat
  3868 | D:5      | Found a shadowy altar of Dithmenos.
  3972 | D:5      | Gained mutation: You regenerate magic rapidly. [demonic ancestry]
  3972 | D:5      | Reached XP level 8. HP: 56/64 MP: 8/8
  4335 | D:6      | Found a sand-covered staircase.
  4345 | Ossuary  | Entered an ossuary
  4370 | Ossuary  | Reached skill level 7 in Unarmed Combat
  4594 | Ossuary  | Reached skill level 8 in Unarmed Combat
  4713 | D:6      | Gained mutation: Your muscles are strong. (Str +2) [potion of mutation]
  4713 | D:6      | Gained mutation: You occasionally shout uncontrollably at your foes. [potion of mutation]
  4713 | D:6      | Gained mutation: Your body sometimes deteriorates upon taking damage. [potion of mutation]
  4714 | D:6      | Gained mutation: You possess an exceptional clarity of mind. [potion of mutation]
  4714 | D:6      | Gained mutation: Armour fits poorly on your strangely shaped body. [potion of mutation]
  4928 | D:6      | Gained mutation: When low on magic, you restore magic in place of health. [demonic ancestry]
  4928 | D:6      | Reached XP level 9. HP: 44/71 MP: 6/9
  5153 | D:6      | Noticed Pikel
  5182 | D:6      | Killed Pikel
  5182 | D:6      | Reached skill level 9 in Unarmed Combat
  5275 | D:6      | Found a radiant altar of Vehumet.
  5282 | D:6      | Found a shimmering altar of Xom.
  5315 | D:6      | Found a hide-covered altar of Uskayaw.
  5328 | D:6      | Found a burning altar of Makhleb.
  5333 | D:6      | Became a worshipper of Makhleb the Destroyer
  5690 | D:7      | Found a staircase to the Ecumenical Temple.
  5700 | D:7      | Reached skill level 10 in Unarmed Combat
  5763 | D:7      | Found a blossoming altar of Fedhas.
  5766 | D:7      | Found a glowing silver altar of Zin.
  5766 | D:7      | Found a white marble altar of Elyvilon.
  5769 | D:7      | Found a stormy altar of Qazlal.
  5811 | D:7      | Found a snail-covered altar of Cheibriados.
  5882 | D:7      | Noticed Joseph
  5889 | D:7      | Killed Joseph
  6134 | D:7      | Reached skill level 5 in Dodging
  6433 | D:7      | Reached XP level 10. HP: 79/80 MP: 10/10
  6558 | D:8      | Reached * piety under Makhleb
  7019 | D:8      | Reached ** piety under Makhleb
  7530 | D:9      | Reached skill level 11 in Unarmed Combat
  7577 | D:9      | Lost mutation: Your muscles are strong. (Str +2) [mutagenic meat]
  7580 | D:9      | Gained mutation: You have a pair of small horns on your head. [mutagenic meat]
  7583 | D:9      | Gained mutation: Your flesh is cold resistant. (rC+) [mutagenic meat]
  7637 | D:9      | Noticed a hill giant
  7646 | D:9      | Killed a hill giant
  7846 | D:9      | Found a staircase to the Orcish Mines.
  8242 | Orc:1    | Entered Level 1 of the Orcish Mines
  8297 | Orc:1    | Noticed an orc warlord
  8322 | Orc:1    | Reached XP level 11. HP: 23/89 MP: 4/11
  8330 | Orc:1    | Slain by an orc warlord

Vault maps used:
D:1:      minmay_arrival_radiant_lines
D:2:      minmay_misc_feat_rugged
D:3:      ecumenical_altar_2
D:4:      yredelemnul_forgotten_temple_becter, first_bread, uniq_grinder,
          uniq_natasha
D:5:      kennysheep_mini, uniq_eustachio
D:6:      nicolae_overflow_quartered_altars, enter_ossuary_4,
          minmay_ogre_servants, uniq_pikel
D:7:      cheibriados_altar_1, grunt_temple_overflow_open, the_bakery,
          hangedman_decor_growths, serial_bayou_pond_a, uniq_joseph
D:8:      kennysheep_generic_room_7
D:9:      orc_0_dummy
Orc:1:    basic_altar
Ossuary:  ossuary_zaba_flooded

Skill      XL: |  1  2  3  4  5  6  7  8  9 10 |
---------------+-------------------------------+-----
Staves         | 3 |  3.1
Unarmed Combat | 1 2 3 5 6 8 10 11 | 11.9
Fighting       | 3 4 5 6 8 9 |  9.0
Dodging        | 5 6 |  6.0
Throwing       | |  1.7

Action                   |  1- 3 |  4- 6 |  7- 9 | 10-12 || total
-------------------------+-------+-------+-------+-------++-------
Melee: Quarterstaff      |   150 |    69 |       |       ||   219
       Unarmed           |       |    92 |   404 |   207 ||   703
       Punch             |       |       |    15 |    15 ||    30
       Headbutt          |       |       |       |    15 ||    15
  Use: Potion            |       |       |     5 |     2 ||     7
       Scroll            |       |       |    18 |     6 ||    24
 Stab: Sleeping          |     1 |     1 |       |       ||     2
       Invisible         |       |       |       |     3 ||     3
  Eat: Chunk             |     2 |     6 |     5 |    13 ||    26
       Meat ration       |       |       |     1 |       ||     1
Armor: Leather armour    |    55 |    35 |       |       ||    90
       Ring mail         |       |    21 |    33 |       ||    54
       Scale mail        |       |       |    94 |    41 ||   135
Dodge: Dodged            |   121 |    87 |   192 |   109 ||   509
